Map: Zen LE

Players

Reynor

  • Race: Zerg Zerg
  • League: Master
  • Spawn Location: 7:00

HeroMarine - Winner!

  • Race: Terran Terran
  • League: Master
  • Spawn Location: 1:00

Event: Shopify TSL 5

VOD

Have the link to the VOD?

Description

Time

  • Played on: May 17, 2020, 3:37 p.m.
  • Length: 17:51

All games in this series

Show
View Real Time Build Order
Export as new Build Order

Reynor Zerg 

Build Orders: Hatch First, Muta Ling Bane 

Get SALT Encoding   

  12  0:00  Drone  
  13  0:12  Overlord  
  13  0:16  Drone  
  14  0:30  Drone x2  
  16  0:47  Hatchery  
  15  0:51  Drone  
  15  0:55  Drone  
  17  0:58  Drone  
  18  1:08  Extractor  
  17  1:13  Spawning Pool  
  17  1:16  Drone  
  17  1:19  Drone  
  18  1:27  Drone  
  19  1:38  Drone  
  20  1:48  Overlord  
  20  1:59  Queen  
  20  2:00  Zergling x4, Queen  
  26  2:11  Drone x2  
  28  2:21  Zergling x2  
  28  2:22  Drone  
  30  2:25  Extractor  
  29  2:33  Zergling x2  
  29  2:34  Spore Crawler  
  29  2:35  Drone  
  30  2:39  Queen  
  30  2:41  Extractor  
  30  2:43  Overlord  
  33  2:44  Drone  
  33  2:47  Metabolic Boost  
  33  2:53  Drone  
  33  2:54  Drone  
  33  2:57  Extractor  
  35  3:08  Zergling x2  
  39  3:12  Drone x2  
  39  3:13  Drone  
  39  3:15  Hatchery, Drone x2  
  39  3:19  Overlord  
  41  3:26  Drone  
  42  3:28  Queen  
  44  3:34  Overlord  
  44  3:38  Drone  
  44  3:41  Drone  
  46  3:48  Drone x3  
  49  3:50  Queen  
  49  3:52  Drone  
  52  4:01  Zergling x2  
  52  4:02  Zergling x6  
  56  4:04  Overlord  
  56  4:09  Drone  
  57  4:13  Evolution Chamber  
  57  4:14  Evolution Chamber, Drone  
  56  4:18  Queen  
  56  4:21  Zergling x2  
  56  4:22  Zergling x2, Drone  
  56  4:23  Drone  
  62  4:24  Overlord  
  62  4:28  Drone  
  64  4:31  Drone x3  
  64  4:33  Drone  
  64  4:35  Queen  
  64  4:37  Drone, Extractor  
  69  4:38  Drone  
  69  4:41  Zerg Ground Armor Level 1  
  69  4:45  Drone  
  71  4:50  Overlord  
  71  4:51  Drone x4  
  75  4:58  Overlord  
  75  5:06  Overlord  
  74  5:09  Drone x4  
  74  5:10  Zerg Melee Weapons Level 1  
  74  5:12  Drone x3  
  81  5:18  Drone  
  83  5:21  Zergling x6  
  83  5:23  Drone  
  83  5:26  Lair  
  83  5:27  Hatchery  
  83  5:28  Drone, Extractor  
  86  5:34  Drone x2  
  87  5:38  Drone  
  87  5:39  Drone  
  87  5:40  Overlord, Baneling Nest, Extractor  
  87  5:41  Extractor  
  87  5:42  Drone x2  
  88  5:49  Zergling x2  
  89  5:50  Overlord  
  89  5:55  Extractor  
  88  5:57  Overlord  
  88  5:58  Drone  
  88  5:59  Drone x2  
  88  6:00  Drone  
  88  6:01  Drone  
  88  6:04  Drone  
  94  6:05  Drone x2  
  94  6:08  Overlord  
  94  6:10  Zergling x2  
  94  6:11  Hatchery  
  96  6:15  Queen, Drone  
  96  6:16  Drone x5  
  104  6:19  Drone  
  105  6:29  Overlord  
  105  6:32  Zergling x10  
  110  6:34  Centrifical Hooks  
  110  6:36  Zergling x2, Spire  
  110  6:38  Baneling x6  
  110  6:39  Zergling x2, Baneling  
  112  6:40  Zergling x2  
  112  6:43  Zergling x2, Drone x3  
  116  6:47  Zerg Ground Armor Level 2  
  116  6:50  Zergling x4  
  116  6:52  Drone x2  
  119  6:54  Zergling x4  
  119  7:01  Drone  
  119  7:02  Drone x3  
  119  7:03  Baneling x3  
  119  7:05  Zergling x4  
  119  7:08  Zerg Melee Weapons Level 2  
  125  7:11  Drone x3  
  128  7:17  Overlord  
  126  7:25  Zergling x16  
  126  7:27  Overlord  
  126  7:29  Baneling x4  
  134  7:31  Overlord, Extractor  
  134  7:35  Overlord  
  134  7:36  Drone  
  134  7:38  Baneling x3  
  134  7:43  Hatchery  
  133  7:45  Baneling x5  
  133  7:48  Drone x4  
  133  7:50  Zergling x24  
  149  7:54  Baneling x3  
  149  7:55  Baneling x4  
  149  7:59  Overlord  
  149  8:01  Mutalisk  
  149  8:02  Mutalisk x3  
  149  8:04  Zergling x6  
  155  8:10  Mutalisk x2  
  155  8:13  Zergling x4  
  155  8:16  Hatchery  
  155  8:18  Overlord  
  155  8:19  Mutalisk x2  
  156  8:23  Zergling x12, Extractor  
  165  8:27  Overlord  
  165  8:30  Overlord  
  165  8:35  Overlord  
  166  8:41  Overlord, Mutalisk  
  166  8:42  Mutalisk x3  
  166  8:46  Baneling x3  
  174  8:50  Queen  
  174  8:53  Zergling x24  
  182  8:58  Zergling x12  
  182  9:00  Baneling x7  
  182  9:02  Zergling x6  
  191  9:08  Zergling x8  
  194  9:15  Hatchery  
  194  9:17  Zergling x8, Mutalisk  
  170  9:19  Zergling x6  
  163  9:25  Mutalisk x4  
  170  9:31  Drone x4  
  170  9:33  Drone x4  
  170  9:36  Baneling x5  
  176  9:39  Zergling x4  
  176  9:41  Zergling x2  
  176  9:42  Zergling x2  
  179  9:45  Mutalisk  
  179  9:47  Zergling x2  
  179  9:51  Zergling x8  
  186  9:55  Mutalisk  
  186  9:56  Mutalisk  
  186  9:57  Zergling x2  
  186  9:59  Zergling x2  
  186  10:00  Zergling x6  
  186  10:03  Overseer  
  186  10:05  Zergling x10  
  191  10:09  Overlord  
  191  10:11  Hatchery  
  190  10:18  Zergling x2  
  190  10:19  Zergling x12  
  190  10:21  Overlord  
  197  10:26  Infestation Pit  
  197  10:27  Baneling x5  
  197  10:28  Overlord  
  196  10:32  Mutalisk x4  
  195  10:40  Zergling x10  
  200  10:43  Zerg Flyer Weapons Level 1  
  200  10:46  Pneumatized Carapace  
  200  10:52  Baneling  
  200  10:53  Baneling x8  
  199  11:08  Mutalisk x2  
  198  11:16  Zergling x32  
  197  11:21  Zergling x12  
  192  11:25  Zergling x2  
  192  11:26  Zergling x14  
  192  11:29  Mutalisk x4  
  192  11:30  Mutalisk  
  197  11:35  Zergling x8  
  197  11:39  Zergling x2  
  199  11:43  Drone x3  
  199  11:46  Zergling x2  
  199  11:47  Overseer x2  
  199  11:48  Overseer x2  
  199  11:57  Baneling x6  
  199  11:59  Hive  
  199  12:03  Baneling x5  
  199  12:04  Zergling x8  
  199  12:05  Zergling x6, Baneling x4  
  199  12:07  Baneling  
  199  12:08  Baneling x3  
  191  12:23  Hatchery  
  191  12:25  Zergling x22  
  191  12:26  Zergling x4  
  194  12:32  Zergling x18  
  199  12:40  Zergling x2  
  199  12:41  Baneling x5  
  199  12:50  Zergling x26  
  200  12:57  Burrow  
  198  12:59  Baneling x7  
  198  13:00  Baneling x11  
  198  13:09  Zergling x16  
  198  13:12  Baneling x10  
  200  13:15  Baneling x6  
  200  13:19  Baneling x9  
  194  13:24  Zergling x2  
  194  13:25  Zergling x30  
  195  13:30  Zergling x8  
  179  13:41  Mutalisk x5  
  179  13:44  Zergling x6  
  188  13:52  Mutalisk x4  
  188  13:54  Zergling x4  
  197  14:09  Baneling x4  
  195  14:10  Baneling x7  
  195  14:11  Zergling x8  
  199  14:17  Baneling x3  
  199  14:19  Zerg Ground Armor Level 3  
  199  14:21  Baneling x2  
  192  14:33  Hatchery  
  192  14:35  Zergling x36  
  171  14:46  Mutalisk x2  
  171  14:48  Drone, Baneling x3  
  171  14:49  Drone x4  
  172  14:55  Baneling  
  172  14:56  Zergling x2, Baneling x6  
  171  15:05  Mutalisk x2  
  175  15:14  Zergling x2  
  176  15:24  Zergling x16  
  183  15:29  Baneling  
  183  15:30  Hatchery, Baneling x5  
  173  15:39  Baneling x4  
  148  15:50  Zergling x10  
  148  15:51  Zergling x16  
  148  15:54  Queen  
  141  15:59  Zergling x8  
  141  16:03  Zergling x8  
  143  16:08  Baneling  
  143  16:09  Baneling x3  
  143  16:10  Baneling  
  143  16:12  Zergling x10  
  143  16:14  Baneling x3  
  148  16:19  Zergling x6, Baneling x3  
  148  16:23  Baneling x4  
  151  16:28  Zergling x12  
  152  16:38  Zergling x16  
  134  16:49  Zergling x2  
  134  16:50  Zergling x10  
  140  16:58  Drone x5  
  128  17:09  Zergling x14  
  128  17:13  Baneling x7  
  133  17:16  Baneling x4  
  133  17:18  Baneling x2  
  133  17:21  Zergling x2  
  133  17:22  Zergling x2  
  130  17:24  Zergling x2  
  130  17:25  Zergling x4  
  113  17:31  Zergling x6  
Show
View Real Time Build Order
Export as new Build Order

HeroMarine Terran - Winner!

Build Orders: Reaper Expand 

Get SALT Encoding   

  12  0:00  SCV  
  13  0:12  SCV  
  14  0:17  Supply Depot  
  14  0:24  SCV  
  15  0:39  SCV  
  15  0:40  Barracks  
  16  0:43  Refinery  
  16  0:51  SCV  
  17  1:03  SCV  
  18  1:15  SCV  
  19  1:27  Reaper, Orbital Command  
  20  1:40  Command Center  
  20  1:48  Supply Depot  
  20  1:53  SCV  
  21  1:59  Reaper  
  22  2:05  SCV, Bunker  
  23  2:17  SCV  
  23  2:20  Factory  
  24  2:29  SCV  
  25  2:40  Barracks Reactor  
  25  2:41  SCV  
  26  2:53  SCV, Command Center  
  27  3:02  Orbital Command  
  27  3:05  SCV  
  28  3:17  SCV  
  29  3:24  Starport  
  29  3:29  SCV  
  29  3:30  SCV  
  29  3:31  Hellion  
  29  3:33  Hellion  
  35  3:38  Barracks Tech Lab  
  35  3:39  Supply Depot  
  35  3:41  SCV, Refinery  
  36  3:42  SCV  
  37  3:53  SCV, Hellion  
  37  3:54  SCV  
  37  3:55  Hellion  
  43  4:03  Viking  
  43  4:05  SCV  
  43  4:06  SCV  
  43  4:07  Orbital Command  
  47  4:12  Marine  
  50  4:17  SCV  
  50  4:18  SCV  
  50  4:23  Barracks  
  50  4:29  SCV, Factory Tech Lab  
  50  4:30  SCV, Stimpack  
  50  4:31  Marine  
  52  4:34  SCV  
  52  4:37  Barracks  
  53  4:41  SCV  
  53  4:42  SCV, Starport Reactor, Refinery  
  55  4:46  SCV  
  55  4:48  Marine  
  55  4:50  Refinery  
  57  4:52  Engineering Bay  
  57  4:53  SCV  
  57  4:54  SCV  
  57  4:56  Engineering Bay  
  57  4:58  SCV  
  60  5:02  Factory Reactor  
  60  5:05  SCV  
  60  5:06  SCV, Marine  
  62  5:12  Marine x2  
  64  5:17  SCV  
  64  5:18  SCV  
  64  5:20  Supply Depot  
  66  5:21  Supply Depot  
  66  5:22  Terran Infantry Weapons Level 1, Orbital Command, Terran Infantry Armor Level 1  
  66  5:30  SCV x2  
  66  5:31  Marine  
  69  5:38  Barracks x2  
  69  5:41  Marine x4  
  73  5:43  SCV x2  
  73  5:47  Supply Depot x2  
  73  5:48  Marine  
  76  5:50  Medivac x2  
  76  5:54  SCV  
  76  5:55  SCV  
  76  5:56  SCV  
  83  5:59  Marine  
  83  6:01  Marine  
  85  6:08  SCV x3, Marine  
  85  6:09  Supply Depot  
  85  6:10  Supply Depot  
  89  6:12  Combat Shield  
  89  6:16  Siege Tank  
  89  6:18  Marine x2  
  93  6:19  Marine  
  93  6:20  SCV x3  
  93  6:22  Medivac  
  100  6:28  Refinery  
  100  6:29  Refinery  
  100  6:30  Medivac  
  96  6:33  SCV x3  
  96  6:35  Supply Depot  
  96  6:36  Marine  
  96  6:37  Marine x3  
  96  6:39  Barracks Reactor x2  
  103  6:41  Marine  
  103  6:43  Supply Depot  
  103  6:45  SCV x3  
  107  6:49  Siege Tank  
  107  6:52  Armory  
  110  6:54  Marine  
  110  6:55  Marine x2  
  110  6:57  SCV x2  
  110  6:58  SCV  
  110  6:59  Marine  
  117  7:01  Marine  
  117  7:04  Medivac x2  
  122  7:09  Supply Depot  
  122  7:11  Supply Depot  
  122  7:12  Marine  
  122  7:13  Marine x2  
  125  7:17  Marine  
  125  7:19  Marine  
  125  7:20  Marine x2  
  125  7:21  Marine x2  
  125  7:30  Marine x2  
  125  7:31  Marine  
  125  7:35  Marine  
  125  7:36  Widow Mine  
  131  7:37  Marine  
  131  7:38  Factory, Marine x2  
  131  7:39  Marine x2  
  136  7:46  Liberator x2  
  136  7:47  Marine, Terran Infantry Weapons Level 2  
  136  7:48  Terran Infantry Armor Level 2, Marine x2  
  145  7:52  Marine  
  145  7:56  Marine x2  
  148  8:03  Marine  
  148  8:11  Marine x2  
  149  8:18  Command Center  
  149  8:19  Supply Depot, Drilling Claws  
  149  8:21  Marine x5, Widow Mine  
  149  8:22  Marine  
  149  8:25  Barracks  
  149  8:26  Barracks  
  157  8:27  Barracks  
  157  8:40  Marine x7  
  157  8:41  Marine  
  165  8:48  Factory Reactor  
  165  8:49  Supply Depot  
  165  8:51  Medivac x2, Marine  
  165  8:52  Widow Mine  
  156  8:56  Missile Turret x2  
  156  8:58  Marine x8  
  164  9:09  Marine  
  165  9:13  Missile Turret  
  165  9:16  Marine x6  
  167  9:18  Barracks Tech Lab  
  167  9:19  Barracks Tech Lab x2  
  167  9:22  Marine x2  
  156  9:27  Marauder  
  158  9:34  Marine x6  
  158  9:37  Widow Mine x2  
  165  9:39  Medivac  
  165  9:40  Marine x2  
  165  9:44  Terran Vehicle And Ship Armor Level 1  
  166  9:46  SCV x3  
  166  9:48  Marine  
  166  9:49  Marine  
  166  9:52  Marine x3  
  174  9:53  Missile Turret x2  
  174  9:58  SCV x3  
  174  9:59  Marine  
  166  10:00  Marine x3  
  166  10:01  Marine  
  166  10:02  Widow Mine x2  
  166  10:05  Planetary Fortress  
  166  10:06  Marauder  
  175  10:08  Thor  
  175  10:10  SCV  
  183  10:18  Missile Turret x2  
  183  10:20  Marauder  
  183  10:21  Marauder x2  
  184  10:24  Widow Mine x2  
  188  10:29  Terran Infantry Weapons Level 3  
  178  10:36  Marauder  
  178  10:38  Marine  
  178  10:39  Marine  
  178  10:40  Missile Turret x2  
  178  10:42  Marauder x2  
  185  10:43  Marauder  
  185  10:45  Marine x2  
  185  10:46  Marine  
  185  10:48  Widow Mine x2  
  188  10:50  Supply Depot  
  188  10:53  Terran Infantry Armor Level 3  
  188  10:58  Marauder, Marine  
  188  11:03  Marauder x2  
  165  11:19  Marauder  
  165  11:22  Marauder, Marine x2  
  165  11:23  Marine x2  
  165  11:24  Marauder, Marine x2  
  165  11:25  Marauder  
  162  11:26  Marine  
  143  11:34  Medivac x2, Marine  
  143  11:37  SCV  
  143  11:38  SCV x2  
  143  11:39  Marine  
  144  11:40  Marauder, Marine  
  144  11:41  Marine x2  
  144  11:42  Marine x2  
  144  11:43  Marauder, Marine  
  144  11:44  Thor  
  144  11:46  Marauder x2  
  164  11:52  Marine  
  164  11:53  Supply Depot  
  165  11:55  Missile Turret  
  165  11:57  Missile Turret, Marine  
  166  12:01  Marauder  
  166  12:02  Marine x3  
  166  12:03  Marine x3  
  166  12:04  Marauder  
  166  12:06  Widow Mine x2  
  166  12:07  Marauder x2  
  182  12:09  Medivac x2  
  182  12:15  Marine  
  187  12:22  Missile Turret x2  
  187  12:23  Marauder  
  187  12:27  Marauder  
  187  12:29  Marine  
  192  12:33  Widow Mine x2  
  192  12:36  Marauder  
  184  12:39  Marine x2  
  184  12:40  Marauder, Marine x2  
  184  12:41  Widow Mine  
  184  12:43  Marine  
  191  12:44  Marauder  
  191  12:48  Marine  
  191  12:49  Marauder  
  181  12:54  Marine x2, Widow Mine  
  181  12:56  Terran Vehicle And Ship Armor Level 2  
  181  12:57  Marauder, Marine  
  181  12:58  Marine x2  
  189  12:59  Marine  
  189  13:00  Command Center  
  189  13:01  Concussive Shells, Marauder, Marine  
  189  13:03  Widow Mine  
  195  13:06  Marauder, Marine  
  195  13:10  Marine  
  187  13:13  Widow Mine  
  187  13:16  Widow Mine  
  187  13:19  Marauder  
  177  13:27  Marine x4  
  177  13:28  Marauder, Marine x3  
  177  13:29  Marauder, Marine x2  
  173  13:40  Marauder  
  169  13:43  Widow Mine x2  
  169  13:45  Marine x5  
  169  13:46  Marine x3  
  169  13:47  Marauder  
  182  13:49  Marine  
  182  13:50  Marine  
  179  13:59  Widow Mine  
  179  14:01  Marine  
  179  14:02  Marine x2  
  182  14:03  Marine  
  182  14:04  Widow Mine  
  187  14:11  Medivac x2, Widow Mine  
  187  14:16  Marauder x2  
  197  14:20  Widow Mine  
  199  14:34  Marauder  
  199  14:37  Marauder, Marine x3  
  191  14:41  Medivac x2, Marauder  
  191  14:43  Marine x2  
  192  14:48  Widow Mine x2  
  196  15:14  Planetary Fortress  
  196  15:26  Marauder, Marine x2  
  196  15:28  Marine, Widow Mine x3  
  187  15:34  Marauder  
  177  15:36  Marine x2  
  177  15:37  Marauder, Marine x2  
  177  15:39  Marine  
  177  15:40  Marine  
  173  15:50  Widow Mine x3  
  173  15:53  Marauder  
  149  16:00  Marauder, Marine x2  
  149  16:04  Marauder x2, Marine x2  
  146  16:05  Marine x3  
  146  16:10  Missile Turret  
  151  16:18  Marine x2  
  151  16:23  Marauder x2  
  151  16:24  Marine x2  
  159  16:28  Marine x2  
  159  16:31  Marauder  
  158  16:34  Marauder, Marine x2  
  157  16:42  Marine x2  
  157  16:44  Marauder  
  157  16:45  Marauder, Marine  
  164  16:47  Widow Mine  
  166  16:55  Widow Mine x2  
  170  17:05  Marauder  
  170  17:06  Marine x3  
  158  17:09  Marauder, Widow Mine  
  158  17:12  Marauder  
  158  17:13  Marine  
  164  17:16  Widow Mine  
  164  17:18  Marine x2  
  168  17:25  Marine  
  168  17:26  Marine  
  168  17:27  Marine  
  168  17:28  Marauder  
Tags
 
Add a new tag
Caveats
  • Supply blocks, unpowered buildings, or Contaminate may cause inaccurate times.
  • Supply counts are checked every 10 seconds.